 Dungeon Crawl Stone Soup version 0.31-a0-246-g8cbcc1cb85 (webtiles) character file.

Game seed: 11106829544036946374

494 cforsyth the Changeling (level 7, -17/66 HPs)
             Began as an Ogre Shapeshifter on July 13, 2023.
             Killed from afar by Ijyb (19 damage)
             ... with a bolt of dispelling energy
             ... on level 4 of the Dungeon.
             The game lasted 00:03:57 (2984 turns).

cforsyth the Changeling (Ogre Shapeshifter)         Turns: 2984, Time: 00:03:57

Health: -17/66     AC:  3    Str: 26    XL:     7   Next: 15%
Magic:  7/7        EV:  9    Int:  8    God:
Gold:   164        SH:  0    Dex:  8    Spells: 6/6 levels left

rFire   . .          .
                       - Unarmed
rCold   . . .        (no shield)
rNeg    . . .        a - +0 animal skin
rPois   .            (helmet currently unavailable)
rElec   .            (cloak currently unavailable)
rCorr   .            (gloves unavailable)
SInv    .            (boots unavailable)
Will    .....        (no amulet)
Stlth   +            (no ring)
HPRegen 0.31/turn    (no ring)
MPRegen 0.10/turn

%: random rage (3%)
@: beast-form
A: beast (slay +3), large, unfitting armour, tough skin 1, berserk 1, strong 1,
no potion heal 1
a: no special abilities


You were on level 4 of the Dungeon.
You were a hulking beast.
You visited 1 branch of the dungeon, and saw 5 of its levels.

You collected 164 gold pieces.

Inventory:

Armour
 a - a +0 animal skin (worn)
Jewellery
 i - a ring of positive energy
 l - a +6 ring of intelligence
 m - a +4 ring of protection
Talismans
 c - a beast talisman
Scrolls
 d - 2 scrolls of blinking {unknown}
 e - 2 scrolls of silence {unknown}
 g - 2 scrolls of poison {unknown}
Potions
 b - a potion of degeneration {unknown}
 f - a potion of attraction {unknown}
 h - a potion of mutation
 j - a potion of brilliance {unknown}
 k - a potion of ambrosia {unknown}


   Skills:
 - Level 2.6 Fighting
 - Level 1.7 Dodging
 + Level 5.0 Unarmed Combat
 + Level 5.2 Shapeshifting


You had 6 spell levels left.
You didn't know any spells.
Your spell library contained the following spells:

 Spells                   Type           Power      Damage    Failure   Level
 Volatile Blastmotes      Fire/Tloc      0%         2d10      78%         3
 Fulminant Prism          Conj/Hex       0%         3d5       99%         4
 Iskenderun's Mystic Bla  Conj/Tloc      0%         2d3       99%         4


Dungeon Overview and Level Annotations

Branches:
Dungeon (5/15)
 Temple: D:4-7

Altars:
Elyvilon

Shops:
D:1 :

Annotations:
D:4 Ijyb


Innate Abilities, Weirdness & Mutations

You are a hulking beast.
Your limbs bulge with bestial killing power. (Slay +3)
You are too large for most types of armour.
You have tough skin. (AC +1)
You sometimes lose your temper in combat.
Your muscles are strong. (Str +4, Int/Dex -1)
Potions are less effective at restoring your health.


Message History

Ijyb is moderately wounded.
The walls and floor vibrate strangely for a moment.
Ijyb zaps a wand.
The bolt of dispelling energy misses you.
You hit Ijyb. You punch Ijyb, but do no damage.
Ijyb is moderately wounded.
You hit Ijyb.
Ijyb is heavily wounded.
Ijyb zaps a wand.
The bolt of dispelling energy hits you!
You completely miss Ijyb.
Ijyb is heavily wounded.
Ijyb hits you with a +0 dagger.
You hit Ijyb.
Ijyb is severely wounded.
Ijyb zaps a wand.
The bolt of dispelling energy hits you!
You barely miss Ijyb.
Ijyb is severely wounded.
Ijyb zaps a wand.
The bolt of dispelling energy hits you!!
* * * LOW HITPOINT WARNING * * *
You hit Ijyb but do no damage.
Ijyb is severely wounded.
Ijyb zaps a wand.
The bolt of dispelling energy misses you.
You hit Ijyb but do no damage.
Ijyb is severely wounded.
Ijyb hits you with a +0 dagger.
* * * LOW HITPOINT WARNING * * *
Okay, then.
Unknown command.
It was a potion of mutation.
You feel extremely strange.
Your system partially rejects the healing effects of potions.
You feel a little pissed off.
You feel stronger. Ijyb hits you with a +0 dagger.
* * * LOW HITPOINT WARNING * * *
You hit Ijyb.
Ijyb is severely wounded.
Ijyb zaps a wand.
The bolt of dispelling energy hits you!!
You die...

#.. .# #..# ..# #..#
#..# #..# .. #..#
##..# .# #..# ##..#
#.# #[.###..# ..#
##.g#...# #.#
#...h.#.###..#
#....#......# ######
#...##.....#####.....
#... #.....†)))..####
#... #.....####### #
#..........#
#...##....... #...
#.....## .......#


You could see Ijyb.

Vanquished Creatures
  An orc warrior (D:5)
  A black bear (D:5)
  A hound (D:4)
  An orc priest (D:5)
  4 orc wizards
  5 adders
  2 dart slugs (D:1)
  11 orcs
  8 bats
  10 endoplasms
  4 giant cockroaches
  5 goblins
  8 hobgoblins
  10 jackals
  4 quokkas
  9 ball pythons
  4 frilled lizards
  4 kobolds
  2 rats (D:3)
94 creatures vanquished.

Notes
Turn   | Place    | Note
-------+----------+-------------------------------------------
     0 | D:1      | cforsyth the Ogre Shapeshifter began the quest for the Orb.
     0 | D:1      | Reached XP level 1. HP: 22/22 MP: 1/1
   136 | D:1      | Reached XP level 2. HP: 27/29 MP: 2/2
   373 | D:1      | Found Wecef's Book Emporium.
   603 | D:1      | Reached XP level 3. HP: 36/36 MP: 3/3
  1308 | D:2      | Reached XP level 4. HP: 43/44 MP: 4/4
  1946 | D:3      | Reached XP level 5. HP: 29/50 MP: 5/5
  2050 | D:3      | You fall into a shaft and drop 2 floors!
  2050 | D:5      | Entered Level 5 of the Dungeon
  2063 | D:5      | Noticed an orc warrior
  2085 | D:5      | Killed an orc warrior
  2086 | D:5      | Reached XP level 6. HP: 7/59 MP: 6/6
  2306 | D:5      | Noticed a black bear
  2327 | D:5      | Killed a black bear
  2406 | D:4      | Reached skill level 5 in Shapeshifting
  2531 | D:4      | Reached XP level 7. HP: 51/66 MP: 7/7
  2867 | D:4      | Found a white marble altar of Elyvilon.
  2958 | D:4      | Reached skill level 5 in Unarmed Combat
  2968 | D:4      | Noticed Ijyb
  2983 | D:4      | Gained mutation: Potions are less effective at restoring
                  | your health. [potion of mutation]
  2983 | D:4      | Gained mutation: You sometimes lose your temper in combat.
                  | [potion of mutation]
  2983 | D:4      | Gained mutation: Your muscles are strong. (Str +4, Int/Dex
                  | -1) [potion of mutation]
  2983 | D:4      | HP: 2/66 [Ijyb/+0 dagger (2)]
  2984 | D:4      | Killed from afar by Ijyb

Illustrated notes

Levels and vault maps discovered:
D:1:      dpeg_arrival_boxes_within_box, layout_loops_ring, serial_shops, shop,
          chequers_mini_garden
D:2:      layout_rooms
D:3:      cheibrodos_old_hovel, layout_basic
D:4:      layout_rooms, mainiacjoe_overflow_concentric_impassable,
          nicolae_ossuary_entry_giza, uniq_ijyb
D:5:      layout_loops_corners, nicolae_figureground_sparkle, uniq_grinder,
          uniq_edmund, uniq_blork_the_orc

Skill      XL: |  1  2  3  4  5  6  7 |
---------------+----------------------+-----
Unarmed Combat | 2 3 4 5 |  5.0
Shapeshifting  | 4 5 |  5.2
Fighting       | |  2.6
Dodging        | |  1.7

Action                     |  1- 3 |  4- 6 |  7- 9 || total
---------------------------+-------+-------+-------++-------
  Melee: Unarmed           |    87 |   117 |    52 ||   256
         Punch             |     3 |     6 |     3 ||    12
    Use: Potion            |       |     1 |     1 ||     2
   Stab: Sleeping          |     2 |       |       ||     2
 Armour: Animal skin       |    31 |    35 |    11 ||    77
         Skin              |       |     4 |       ||     4
  Dodge: Dodged            |    33 |    38 |    17 ||    88

Table legend: (Time is in decaauts)
 A = Elapsed time spent in this place.
 B = Non-inter-level travel time spent in this place.
 C = Inter-level travel time spent in this place.
 D = Time resting spent in this place.
 E = Time spent auto-exploring this place.
 F = Levels seen in this place.
 G = Mean time per level.
                   A        B        C        D        E       F      G
               +--------+--------+--------+--------+--------+-----+--------+
         Total |   2967 |   2884 |     83 |    286 |   1953 |   5 |  593.4 |
       Dungeon |   2967 |   2884 |     83 |    286 |   1953 |   5 |  593.4 |
               +--------+--------+--------+--------+--------+-----+--------+

Top non-repeatable levels by time:
     D:1: 807 daAuts
     D:3: 728 daAuts
     D:2: 726 daAuts
     D:4: 420 daAuts
     D:5: 285 daAuts
